 Dungeon Crawl Stone Soup version 0.18-a0-1497-g788d838 (webtiles) character file.

63 Karasique the Shooter (level 3, -3/24 HPs)
             Began as a High Elf Hunter on Mar 4, 2016.
             Was a Follower of Qazlal.
             Slain by Sigmund
             ... wielding a +2 scythe of slicing
              (12 damage)
             ... on level 2 of the Dungeon.
             The game lasted 00:04:06 (1969 turns).

Karasique the Shooter (High Elf Hunter)             Turns: 1969, Time: 00:04:07

Health: -3/24      AC:  4    Str: 11    XL:     3   Next: 87%
Magic:  4/4        EV: 12    Int: 14    God:    Qazlal [*.....]
Gold:   109        SH:  0    Dex: 17    Spells: 0 memorised, 2 levels left

rFire  + . .     SeeInvis .     q - +1 dagger (elec)
rCold  x . .     Gourm    .     c - +0 leather armour
rNeg   . . .     Faith    .     (no shield)
rPois  .         Spirit   .     (no helmet)
rElec  .         Dismiss  .     (no cloak)
rCorr  .         Reflect  .     j - +0 pair of gloves
SustAt +         Harm     .     (no boots)
MR     .....                    (no amulet)
Stlth  +.........               n - ring of fire
                                p - ring of sustain attributes

@: confused, not resistant to hostile enchantments, very unstealthy
A: no striking features
a: Renounce Religion


You were on level 2 of the Dungeon.
You worshipped Qazlal.
Qazlal was aware of your devotion.
You were very hungry.

You visited 1 branch of the dungeon, and saw 2 of its levels.

You collected 109 gold pieces.

Inventory:

Hand Weapons
 q - a +1 dagger of electrocution (weapon)
 w - a +1 shortbow
Missiles
 d - 41 arrows
Armour
 c - a +0 leather armour (worn)
 j - a +0 pair of gloves (worn)
Jewellery
 h - an uncursed ring of flight
 n - a ring of fire (right hand)
 p - a ring of sustain attributes (left hand)
Scrolls
 a - 3 scrolls of identify {unknown}
 b - a scroll of fog {unknown}
 g - 3 scrolls of teleportation {unknown}
 i - 6 scrolls of remove curse {unknown}
 l - a scroll of blinking {unknown}
 o - a scroll of fear {unknown}
Potions
 e - a potion of ambrosia {unknown}
Comestibles
 f - a bread ration
 m - a meat ration


   Skills:
 - Level 2.0 Fighting
 + Level 1.7 Short Blades
 + Level 6.9 Bows
 - Level 2.1 Dodging
 - Level 1.1 Stealth


You had 2 spell levels left.
You didn't know any spells.

Dungeon Overview and Level Annotations

Branches:
Dungeon (2/15)

Altars:
Qazlal

Annotations:
D:2 Sigmund


Message History

You shoot an arrow. The arrow hits Sigmund.
Sigmund is almost dead.
Firing (i - inventory):
d - 42 arrows (quivered)
Press: ? - help, Shift-Dir - straight line, f/p - Sigmund
Aim: Sigmund, wielding a scythe of slicing and wearing a robe (almost dead)
You shoot an arrow. The arrow barely misses Sigmund.
Sigmund points at you and mumbles some strange words.
You are confused.
You are too confused!
Wield which item (- for none, * to show all)? (? for menu, Esc to quit)
You hear the crackle of electricity.
q - a +1 dagger of electrocution (weapon)
Sigmund hits you from afar with a scythe of slicing!
You bump into the rock wall.
Sigmund closely misses you.
You miss Sigmund.
Sigmund is almost dead.
Sigmund hits you with a scythe of slicing!
Ouch! That really hurt!
You die...

#..# #.(# ###.(# ....#
..(. ###### ..#
#....######## #@#
'....'....... #@#
#....###########.#
#....#####.....#.#
#........#.###.#.#####
#.....##.#.# #.#.....#
#####.##.#.# #.#####.#
..........># #.# #.#
#####.##.### #.# #.#
#.##.# #.# #.#


You could see Sigmund.

Vanquished Creatures
  2 adders (D:2)
  3 worms (D:2)
  A ball python (D:2)
  4 giant cockroaches
  7 goblins
  A hobgoblin (D:2)
  4 kobolds
  9 bats
  A giant newt (D:1)
  3 rats
35 creatures vanquished.

Notes
Turn   | Place    | Note
--------------------------------------------------------------
     0 | D:1      | Karasique the High Elf Hunter began the quest for the Orb.
     0 | D:1      | Reached XP level 1. HP: 14/14 MP: 2/2
   417 | D:1      | Reached XP level 2. HP: 19/19 MP: 3/3
   437 | D:1      | Reached skill level 6 in Bows
  1286 | D:2      | Reached XP level 3. HP: 21/24 MP: 4/4
  1348 | D:2      | Found a faded altar to an unknown god.
  1364 | D:2      | Became a worshipper of Qazlal Stormbringer
  1364 | D:2      | Reached * piety under Qazlal
  1620 | D:2      | Reached skill level 1 in Short Blades
  1958 | D:2      | Noticed Sigmund
  1969 | D:2      | Slain by Sigmund

Vault maps used:
D:1:      saegor_arrival_simple_e
D:2:      ecumenical_altar_2, uniq_sigmund

Skill      XL: |  1  2  3 |
---------------+----------+-----
Bows           | 6 |  6.9
Short Blades   | 1 |  1.7
Fighting       | |  2.0
Dodging        | |  2.1
Stealth        | |  1.1

Action                   || total
-------------------------++-------
Melee: Short sword       ||    84
       Dagger            ||    43
 Fire: Shortbow          ||    14
 Stab: Sleeping          ||     2
  Eat: Chunk             ||     2
